 Dungeon Crawl Stone Soup version 0.27.0-1-g7a089689b8 (webtiles) character file.

Game seed: 10684760899714414803

2956 Sobieck the Cleaver (level 9, -7/82 HPs)
             Began as a Deep Dwarf Berserker on Aug 5, 2021.
             Was a Priest of Trog.
             Splashed by an acid dragon's acid (14 damage)
             ... on level 7 of the Dungeon.
             The game lasted 00:16:21 (6333 turns).

Sobieck the Cleaver (Deep Dwarf Berserker)          Turns: 6333, Time: 00:16:21

Health: -7/82      AC:  9    Str: 23    XL:     9   Next: 52%
Magic:  9/9        EV:  9    Int:  9    God:    Trog [***...]
Gold:   258        SH:  0    Dex: 12    Spells: 8/8 levels left

rFire    . . .     SeeInvis +   H - +0 war axe (venom) {axe}
rCold    . . .     Faith    .   (no shield)
rNeg     . . .     Spirit   .   s - +0 chain mail
rPois    .         Reflect  .   l - +0 helmet
rElec    .         Harm     .   e - +0 cloak
rCorr    .         Rampage  .   A - +2 pair of gloves
Will     +++..                  a - +0 pair of boots
Stlth    ..........             h - amulet of magic regeneration {@e2}
HPRegen  1.00/turn              c - ring of see invisible
MPRegen  0.36/turn              (no ring)

@: strong-willed, corroded, on berserk cooldown, regenerating, slowed, very slow
A: damage resistance, heal wounds, sense surroundings 2, no regeneration
a: Heal Wounds, Renounce Religion, Berserk, Trog's Hand


You were on level 7 of the Dungeon.
You worshipped Trog.
Trog was most pleased with you.
You visited 1 branch of the dungeon, and saw 7 of its levels.
You also visited: Ossuary.

You collected 307 gold pieces.
You spent 49 gold pieces at shops.


Innate Abilities, Weirdness & Mutations

You are resistant to damage.
You can heal yourself by infusing magical energy.
You passively map the area around you.
You do not regenerate.


   Skills:
 - Level 6.0 Fighting
 + Level 11.1 Axes
 + Level 7.1 Armour
 - Level 2.1 Dodging
 + Level 2.4 Shields


You had 8 spell levels left.
You didn't know any spells.
Your spell library contained the following spells:

 Spells                   Type           Power      Damage    Failure   Level
 Sandblast                Erth           0%         2d4       95%         1
 Passwall                 Tmut/Erth      0%         N/A       99%         2
 Slow                     Hex            0%         N/A       99%         2
 Confusing Touch          Hex            0%         N/A       100%        3
 Lee's Rapid Deconstruct  Erth           0%         3d5*      100%        5
 Yara's Violent Unravell  Hex/Tmut       0%         3d3       100%        5

Inventory:

Hand Weapons
 H - a +0 war axe of venom (weapon) {axe}
   (You bought it in a shop on level 6 of the Dungeon)
 N - a +1 hand axe of flaming {axe}
   (You took it off a wight on level 6 of the Dungeon)
Missiles
 d - 278 stones {throwing}
 f - 22 sling bullets
 m - 36 bolts
 p - 5 atropa-tipped darts {throwing}
 G - 68 arrows
 I - 3 boomerangs {throwing}
Armour
 a - a +0 pair of boots (worn)
   (You found it on level 7 of the Dungeon)
 b - a +0 animal skin
 e - a +0 cloak (worn)
   (You found it on level 1 of the Dungeon)
 k - a +0 buckler
   (You found it on level 7 of the Dungeon)
 l - a +0 helmet (worn)
   (You took it off Robin on level 2 of the Dungeon)
 s - a +0 chain mail (worn)
   (You found it on level 4 of the Dungeon)
 A - a +2 pair of gloves (worn)
   (You found it on level 5 of the Dungeon)
 L - a +2 robe of fire resistance
   (You took it off an orc wizard on level 6 of the Dungeon)
 M - a +2 ring mail of cold resistance
   (You found it on level 6 of the Dungeon)
Magical Staves
 B - a staff of poison {forbidden!astaff}
   (You found it on level 6 of the Dungeon)
Jewellery
 c - a ring of see invisible (left hand)
   (You found it on level 2 of the Dungeon)
 h - an amulet of magic regeneration (around neck) {@e2}
   (You found it on level 1 of the Dungeon)
Wands
 q - a wand of iceblast (8)
   (You found it on level 3 of the Dungeon)
 C - a wand of digging (7)
   (You found it on level 5 of the Dungeon)
 J - a wand of flame (14)
   (You took it off an orc wizard on level 6 of the Dungeon)
 K - a wand of polymorph (10)
   (You found it on level 6 of the Dungeon)
Scrolls
 n - a scroll of enchant armour {unknown}
 t - 4 scrolls of fog
 u - 4 scrolls of immolation {!r!r}
 y - a scroll of brand weapon
 z - a scroll of blinking {!r}
 E - a scroll of enchant weapon {unknown}
Potions
 g - 3 potions of flight
 i - a potion of magic {unknown}
 j - 8 potions of curing {@q1}
 o - 5 potions of heal wounds {unknown}
 r - 2 potions of invisibility {unknown}
 v - 3 potions of haste {unknown}
 w - 2 potions of cancellation {unknown}
 x - 3 potions of mutation {unknown}
 D - 2 potions of brilliance {unknown}
 F - a potion of berserk rage {unknown}

Dungeon Overview and Level Annotations

Branches:
Dungeon (7/15)             Temple (0/1) D:4         Ossuary (visited)

Altars:

Shops:
D:4 ( D:6

*
............######...######.##...
........#####.. , . #.##.#.
#.....#.# #.# * , * #......
#######.# #.# ## ####.##
.....##.# #.# *$?## #... * #†##.#
#.# .#.#, # #... #.##.##.#
#.###...*..#,*** #.##
#.......#####..)#.#...# ,*, ####
####.##.......#.@D..# ,....
,...##.####.####.#...# #####
######.#...## *... ..# ####..##
#.#.##.####.#.#,####.##<...
#.#.##..#.#/!####..>.##.###
#.........######......).###
###..##..........##.......#
#..*##.........##..####.#
#......#........##.... #.#


You could see an acid dragon (catching breath).


Message History

Unknown command.
You see here a +0 shortbow {bow}.
Found a stone staircase leading down.
Unknown command.
n - a scroll labelled CATOVONKIL
u - 4 scrolls of immolation {!r!r} (gained 1)
A kobold brigand comes into view.
It is wielding a +0 club and quivering poisoned darts.
The kobold brigand shouts!
You hear a shout!
A necrophage comes into view.
Danger!
A red film seems to cover your vision as you go berserk!
You feel yourself moving faster!
You feel mighty!
An orc comes into view. It is wielding a +0 hand axe.
The kobold brigand hits you but does no damage.
You slice the kobold brigand!!
The kobold brigand is poisoned.
The kobold brigand hits you but does no damage.
You slash the kobold brigand!
You kill the kobold brigand!
Trog accepts your kill.
You slash the necrophage!
The necrophage hits you but does no damage.
Your Armour skill increases to level 7!
Your Shields skill increases to level 2!
You closely miss the necrophage. You slash the necrophage!
The necrophage hits you but does no damage.
You barely miss the necrophage.
The necrophage hits you but does no damage.
You slash the necrophage!
You destroy the necrophage!
Trog accepts your kill.
A centaur zombie comes into view.
Things that are here:
a +0 club {mace}; 3 poisoned darts {throwing} You barely miss the orc.
The orc hits you but does no damage.
You slice the orc!!
You kill the orc!
Trog accepts your kill.
An acid dragon comes into view.
The acid dragon roars!
Things that are here:
a +0 hand axe {axe}; an orc corpse You slash the centaur zombie!
The centaur zombie barely misses you. The centaur zombie misses you.
You slash the centaur zombie!
The centaur zombie hits you but does no damage.
The centaur zombie kicks you but does no damage.
You hit the centaur zombie.
You are no longer berserk.
You are exhausted.
You feel yourself slow down.
The centaur zombie hits you but does no damage.
The centaur zombie barely misses you.
You slash the centaur zombie!
You destroy the centaur zombie!
Trog accepts your kill.
You slash the acid dragon! The acid dragon spits acid at you.
The splash of acid hits you but does no damage.
You are splashed with acid!
Unknown command.
You barely miss the acid dragon. The acid dragon spits acid at you.
The splash of acid hits you! The acid corrodes you!
You are splashed with acid!
* * * LOW HITPOINT WARNING * * *
You closely miss the acid dragon. The acid dragon closely misses you.
The acid dragon barely misses you. The acid dragon bites you!
* * * LOW HITPOINT WARNING * * *
The acid dragon claws you but does no damage.
Unknown command.
Your skin crawls.
You feel strong-willed.
The acid dragon bites you but does no damage.
The acid dragon claws you but does no damage.
Unknown command.
Aiming: Iceblast
Press: ? - help, Shift-Dir - straight line
Okay, then.
Okay, then.
Unknown command.
Okay, then.
You feel better.
The acid dragon bites you but does no damage.
The acid dragon claws you but does no damage.
The acid dragon spits acid at you.
The splash of acid hits you but does no damage.
The acid corrodes you!
You are splashed with acid!
* * * LOW HITPOINT WARNING * * *
Unknown command.
You slash the acid dragon!
The acid dragon bites you but does no damage.
The acid dragon claws you.
* * * LOW HITPOINT WARNING * * *
Unknown command.
You barely miss the acid dragon. The acid dragon spits acid at you.
The splash of acid hits you!
* * * LOW HITPOINT WARNING * * *
You are splashed with acid!
You die...

Skill      XL: |  1  2  3  4  5  6  7  8  9 |
---------------+----------------------------+-----
Axes           | 4 5 6 7 9 10 11 | 11.1
Fighting       | 4 5 6 |  6.0
Armour         | 4 6 7 |  7.1
Shields        | 2 |  2.4
Dodging        | |  2.1

Action                   |  1- 3 |  4- 6 |  7- 9 || total
-------------------------+-------+-------+-------++-------
Melee: Hand axe          |    94 |   268 |    65 ||   427
       War axe           |       |       |   155 ||   155
Invok: Berserk           |     3 |     5 |     8 ||    16
       Trog's Hand       |     1 |     4 |     6 ||    11
 Abil: Heal Wounds       |     1 |     1 |       ||     2
  Use: Scroll            |       |     7 |     4 ||    11
       Potion            |       |       |     1 ||     1
 Stab: Sleeping          |     2 |     1 |       ||     3
Armor: Animal skin       |    20 |    38 |       ||    58
       Chain mail        |       |    69 |   112 ||   181
Dodge: Dodged            |    60 |   125 |    89 ||   274

Levels and vault maps discovered:
D:1:      onia_arrival_handbag, layout_loops_cross,
          hellmonk_ecumenical_altar_zigzags, st_stairs_11
D:2:      layout_basic, st_stairs_3, minmay_misc_feat_cross, minmay_mini_jars,
          uniq_robin
D:3:      layout_basic
D:4:      layout_gridville, minmay_temple_entry_overgrown, serial_shops,
          nicolae_shop_stone, nicolae_ossuary_entry_plus, grunt_decor_resistance
D:5:      layout_gridville, st_stairs_10
D:6:      layout_loops_ring, serial_shops, kennysheep_mini_moat, st_stairs_5
D:7:      minmay_spotlight, layout_loops_cross, mainiacjoe_overflow_catwalk,
          kennysheep_dice

Notes
Turn   | Place    | Note
-------+----------+-------------------------------------------
     0 | D:1      | Sobieck the Deep Dwarf Berserker began the quest for the
                  | Orb.
     0 | D:1      | Reached XP level 1. HP: 20/20 MP: 1/1
   121 | D:1      | Found a faded altar of an unknown god.
   126 | D:1      | Reached XP level 2. HP: 18/27 MP: 2/2
   127 | D:1      | Reached skill level 4 in Axes
   685 | D:1      | Reached XP level 3. HP: 33/33 MP: 3/3
   689 | D:1      | Reached ** piety under Trog
  1166 | D:2      | Noticed Robin
  1169 | D:2      | Reached skill level 5 in Axes
  1178 | D:2      | Killed Robin
  1186 | D:2      | Reached XP level 4. HP: 40/40 MP: 4/4
  1549 | D:2      | Reached skill level 6 in Axes
  1814 | D:2      | Reached XP level 5. HP: 43/46 MP: 5/5
  1877 | D:2      | Reached *** piety under Trog
  2248 | D:3      | Reached skill level 7 in Axes
  2548 | D:3      | You pick up a book of Misfortune {forbidden} and begin
                  | reading...
  2548 | D:3      | You add the spells Slow, Confusing Touch and Yara's Violent
                  | Unravelling to your library.
  2993 | D:4      | Found a sand-covered staircase.
  2999 | Ossuary  | Entered an ossuary
  3073 | Ossuary  | Reached XP level 6. HP: 41/55 MP: 6/6
  3140 | Ossuary  | HP: 13/55 [mummy (9)]
  3142 | Ossuary  | Reached skill level 8 in Axes
  3492 | D:4      | Found a staircase to the Ecumenical Temple.
  3814 | D:4      | Found Nujaolit's Weapon Shoppe.
  3874 | D:5      | Entered Level 5 of the Dungeon
  4357 | D:5      | Reached skill level 9 in Axes
  4357 | D:5      | Reached XP level 7. HP: 53/61 MP: 7/7
  4444 | D:5      | Noticed a two-headed ogre
  4456 | D:5      | Killed a two-headed ogre
  4457 | D:5      | Reached skill level 10 in Axes
  4457 | D:5      | Reached skill level 4 in Fighting
  4457 | D:5      | Reached skill level 4 in Armour
  4457 | D:5      | Reached XP level 8. HP: 73/73 MP: 8/8
  4728 | D:5      | Reached skill level 5 in Armour
  5096 | D:6      | Found Ella's General Store.
  5099 | D:6      | Bought a +0 war axe for 49 gold pieces
  5142 | D:6      | Reached skill level 5 in Fighting
  5283 | D:6      | Reached skill level 6 in Armour
  5283 | D:6      | Gained mutation: You passively map the area around you.
                  | [Deep Dwarf growth]
  5283 | D:6      | Reached XP level 9. HP: 53/81 MP: 9/9
  5339 | D:6      | You pick up a book of Geomancy {forbidden} and begin
                  | reading...
  5339 | D:6      | You add the spells Sandblast, Passwall and Lee's Rapid
                  | Deconstruction to your library.
  6236 | D:7      | Reached skill level 6 in Fighting
  6236 | D:7      | Reached skill level 1 in Shields
  6263 | D:7      | Reached skill level 11 in Axes
  6315 | D:7      | Reached skill level 7 in Armour
  6315 | D:7      | Reached skill level 2 in Shields
  6329 | D:7      | HP: 18/82 [acid dragon (10)]
  6333 | D:7      | HP: 7/82 [acid dragon/splash of acid (11)]
  6333 | D:7      | Splashed by an acid dragon's acid

Vanquished Creatures
  A two-headed ogre (D:5)
  A water moccasin (D:7)
  A sky beast (D:5)
  2 ogres (D:6)
  3 necrophages (D:7)
  A centaur (D:7)
  3 phantoms (D:5)
  A kobold brigand (D:7)
  A bullfrog (D:6)
  3 scorpions
  A water moccasin zombie (D:6)
  A water moccasin skeleton (D:7)
  3 wights (D:6)
  A howler monkey (D:6)
  A centaur zombie (D:7)
  A hound (D:6)
  3 human zombies (Ossuary)
  2 orc priests
  2 gnoll shamans
  A bullfrog skeleton (D:4)
  A centaur skeleton (D:5)
  3 iguanas (D:6)
  2 orc wizards (D:6)
  3 mummies (Ossuary)
  A howler monkey zombie (D:6)
  Robin (D:2)
  A howler monkey skeleton (D:6)
  9 adders
  9 gnolls
  4 dart slugs
  A worm (D:3)
  15 orcs
  3 bats
  9 endoplasms
  6 giant cockroaches
  2 gnoll zombies (Ossuary)
  15 goblins
  9 hobgoblins
  14 jackals
  2 quokkas
  7 ball pythons
  3 frilled lizards
  A goblin zombie (Ossuary)
  7 kobolds
  2 kobold zombies (Ossuary)
  12 rats
175 creatures vanquished.

Table legend:
 A = Non-vault XP
 B = Vault XP
 C = Vault XP percentage of total XP
 D = Non-vault monster count
 E = Vault monster count
 F = Vault count percentage of total count
                 A         B        C        D         E       F
            +---------+---------+-------+---------+---------+-------
      Total |    3460 |     764 |  18.1 |     123 |      52 |  29.7
            +---------+---------+-------+---------+---------+-------
        D:1 |      50 |      11 |  18.0 |      26 |       7 |  21.2
        D:2 |     120 |      78 |  39.4 |      24 |      25 |  51.0
        D:3 |      71 |       0 |   0.0 |      13 |       0 |   0.0
        D:4 |      50 |       0 |   0.0 |       7 |       0 |   0.0
        D:5 |    1443 |     187 |  11.5 |      18 |       3 |  14.3
        D:6 |    1051 |      42 |   3.8 |      24 |       2 |   7.7
        D:7 |     675 |     265 |  28.2 |      11 |       4 |  26.7
    Ossuary |       0 |     181 | 100.0 |       0 |      11 | 100.0
            +---------+---------+-------+---------+---------+-------

Illustrated notes

Table legend:
 A = Kills in this place as a percentage of kills in entire the game.
 B = Kills by you in this place as a percentage of kills by you in the entire game.
 C = Kills by friends in this place as a percentage of kills by friends in the entire game.
 D = Other kills in this place as a percentage of other kills in the entire game.
 E = Experience gained in this place as a percentage of experience gained in the entire game.
 F = Experience gained in this place divided by the number of levels of this place that you have seen.
                   A       B       C       D       E      F
               +-------+-------+-------+-------+-------+----------------------
         Total | 100.0 | 100.0 |   N/A |   N/A | 100.0 | 528.0
       Dungeon |  93.7 |  93.7 |   N/A |   N/A |  95.7 | 577.6
       Ossuary |   6.3 |   6.3 |   N/A |   N/A |   4.3 | 181.0
               +-------+-------+-------+-------+-------+----------------------

Table legend: (Time is in decaauts)
 A = Elapsed time spent in this place.
 B = Non-inter-level travel time spent in this place.
 C = Inter-level travel time spent in this place.
 D = Time resting spent in this place.
 E = Time spent auto-exploring this place.
 F = Levels seen in this place.
 G = Mean time per level.
                   A        B        C        D        E       F      G
               +--------+--------+--------+--------+--------+-----+--------+
         Total |   6423 |   6239 |    184 |   1252 |   3553 |   8 |  802.9 |
       Dungeon |   6025 |   5841 |    184 |   1147 |   3486 |   7 |  860.7 |
       Ossuary |    398 |    398 |      0 |    105 |     67 |   1 |  398.0 |
               +--------+--------+--------+--------+--------+-----+--------+

Top non-repeatable levels by time:
     D:1: 1187 daAuts
     D:5: 1132 daAuts
     D:2: 1046 daAuts
     D:6: 881 daAuts
     D:3: 684 daAuts
     D:4: 606 daAuts
     D:7: 486 daAuts
 Ossuary: 398 daAuts
